[ PARTIDA AOE2 · #507916580 ]
UnrankedMagiares vs Mongols
Equipo del jugador · VICT
Equipo rival · DERR
[ ANÁLISIS DE REPETICIÓN · EXTRAÍDO DE LA PARTIDA GRABADA ]
Feudal
8:39
Castillos
20:38
Imperial
—
| APM promedio | 59.7 |
| APM pico | 101 |
| eAPM promedio | 19.8 |
| Aldeanos / militares | 51 / 30 |
Foco
⚔️ 41.9% · 🌾 58.1%
Cavalry Archer ×19 · Scout Cavalry ×9 · Spearman ×2
Feudal
10:31
Castillos
22:05
Imperial
—
| APM promedio | 59.1 |
| APM pico | 119 |
| eAPM promedio | 23.2 |
| Aldeanos / militares | 62 / 24 |
Foco
⚔️ 32.7% · 🌾 67.3%
Cavalry Archer ×14 · Scout Cavalry ×4 · Militia ×3 · Spearman ×3
Mapa de la partida
Recursos iniciales + cada clic de construcción. Líneas = muros · curvas = relieve. ◆ oro · ⬟ piedra · ● bayas · ✦ reliquia · ◌ hueco del cierre
Tu base· Abierta — flanco sin cerrar
Base de Malelf· ✓ Cerrada en 22:05 · 52t muro · 1 puerta(s)
Terreno inicial suavizado · ◌ = hueco del cierre detectado · pasá el cursor para detalles
Inputs por minuto
— _DaViCy_ - - Malelf
Build order — _DaViCy_
Primeras 150 de 153 acciones detectadas
| 0:00 | Crear | Villager (Male) |
| 0:02 | Construir | House |
| 0:04 | Construir | House |
| 0:05 | Crear | Villager (Male) |
| 0:22 | Crear | Villager (Male) |
| 0:23 | Crear | Villager (Male) |
| 1:23 | Crear | Villager (Male) |
| 1:23 | Crear | Villager (Male) |
| 1:42 | Construir | Lumber Camp |
| 1:56 | Crear | Villager (Male) |
| 2:17 | Crear | Villager (Male) |
| 2:46 | Crear | Villager (Male) |
| 2:46 | Crear | Villager (Male) |
| 3:07 | Crear | Villager (Male) |
| 3:38 | Crear | Villager (Male) |
| 3:58 | Crear | Villager (Male) |
| 3:58 | Crear | Villager (Male) |
| 3:58 | Crear | Villager (Male) |
| 4:26 | Construir | Mill |
| 4:38 | Construir | House |
| 4:40 | Investigar | Loom |
| 4:57 | Crear | Villager (Male) |
| 5:08 | Crear | Villager (Male) |
| 5:55 | Crear | Villager (Male) |
| 6:29 | Investigar | Feudal Age |
| 7:41 | Construir | Barracks |
| 7:58 | Crear | Villager (Male) |
| 8:03 | Construir | Palisade Wall |
| 8:04 | Construir | Palisade Wall |
| 8:07 | Construir | Palisade Wall |
| 8:08 | Construir | Palisade Wall |
| 8:15 | Construir | Palisade Wall |
| 8:31 | Construir | Palisade Wall |
| 8:39 | Edad | Edad Feudal |
| 8:41 | Crear | Villager (Male) |
| 8:46 | Construir | Stable |
| 8:55 | Investigar | Double-Bit Axe |
| 9:26 | Crear | Villager (Male) |
| 9:33 | Construir | House |
| 9:34 | Crear | Scout Cavalry |
| 9:37 | Investigar | Town Watch |
| 9:40 | Construir | Mill |
| 10:04 | Crear | Villager (Male) |
| 10:06 | Construir | House |
| 10:23 | Construir | Farm |
| 10:24 | Construir | Farm |
| 10:26 | Construir | Farm |
| 10:37 | Crear | Villager (Male) |
| 10:41 | Construir | Farm |
| 10:54 | Crear | Villager (Male) |
| 11:17 | Construir | Farm |
| 11:33 | Crear | Villager (Male) |
| 11:44 | Construir | Farm |
| 11:46 | Construir | Farm |
| 11:49 | Crear | Scout Cavalry |
| 11:59 | Crear | Villager (Male) |
| 12:03 | Construir | Farm |
| 12:23 | Construir | House |
| 12:25 | Construir | Farm |
| 12:26 | Crear | Villager (Male) |
| 12:40 | Crear | Scout Cavalry |
| 12:53 | Construir | Farm |
| 12:54 | Crear | Villager (Male) |
| 12:55 | Construir | Farm |
| 13:12 | Crear | Villager (Male) |
| 13:14 | Construir | House |
| 13:26 | Crear | Scout Cavalry |
| 13:36 | Construir | Farm |
| 13:38 | Crear | Villager (Male) |
| 13:42 | Construir | House |
| 13:44 | Construir | Palisade Wall |
| 13:48 | Construir | Farm |
| 14:02 | Crear | Scout Cavalry |
| 14:03 | Crear | Villager (Male) |
| 14:24 | Crear | Scout Cavalry |
| 14:25 | Crear | Villager (Male) |
| 14:49 | Construir | Mining Camp |
| 14:51 | Crear | Villager (Male) |
| 15:08 | Crear | Villager (Male) |
| 15:12 | Construir | Farm |
| 15:40 | Crear | Villager (Male) |
| 16:05 | Crear | Villager (Male) |
| 16:09 | Construir | Blacksmith |
| 16:29 | Crear | Scout Cavalry |
| 16:39 | Crear | Spearman |
| 16:45 | Crear | Villager (Male) |
| 16:48 | Construir | House |
| 17:01 | Construir | House |
| 17:08 | Crear | Spearman |
| 17:12 | Crear | Villager (Male) |
| 17:23 | Construir | Archery Range |
| 17:31 | Construir | House |
| 17:37 | Construir | House |
| 17:41 | Construir | Palisade Wall |
| 17:42 | Construir | Palisade Wall |
| 17:58 | Investigar | Castle Age |
| 18:46 | Construir | Archery Range |
| 18:50 | Investigar | Bloodlines |
| 19:25 | Construir | Lumber Camp |
| 19:40 | Crear | Scout Cavalry |
| 19:46 | Investigar | Fletching |
| 19:49 | Investigar | Horse Collar |
| 20:05 | Construir | Palisade Wall |
| 20:10 | Crear | Scout Cavalry |
| 20:28 | Investigar | Gold Mining |
| 20:32 | Crear | Villager (Male) |
| 20:36 | Construir | Farm |
| 20:38 | Edad | Edad de los Castillos |
| 20:41 | Crear | Cavalry Archer |
| 20:42 | Crear | Cavalry Archer |
| 21:01 | Crear | Villager (Male) |
| 21:08 | Crear | Cavalry Archer |
| 21:26 | Crear | Villager (Male) |
| 21:27 | Crear | Cavalry Archer |
| 21:36 | Crear | Cavalry Archer |
| 21:40 | Crear | Villager (Male) |
| 21:42 | Construir | Archery Range |
| 21:46 | Investigar | Bodkin Arrow |
| 21:46 | Investigar | Bodkin Arrow |
| 21:53 | Crear | Villager (Male) |
| 21:54 | Construir | Farm |
| 22:10 | Crear | Cavalry Archer |
| 22:24 | Crear | Villager (Male) |
| 22:24 | Crear | Cavalry Archer |
| 22:27 | Crear | Cavalry Archer |
| 22:37 | Construir | Farm |
| 22:38 | Construir | Farm |
| 22:47 | Crear | Villager (Male) |
| 22:48 | Construir | Farm |
| 22:50 | Construir | Farm |
| 22:51 | Crear | Cavalry Archer |
| 22:59 | Crear | Cavalry Archer |
| 23:05 | Investigar | Padded Archer Armor |
| 23:09 | Crear | Villager (Male) |
| 23:10 | Construir | Farm |
| 23:23 | Crear | Cavalry Archer |
| 23:23 | Crear | Cavalry Archer |
| 23:45 | Crear | Villager (Male) |
| 23:46 | Crear | Cavalry Archer |
| 23:46 | Crear | Cavalry Archer |
| 24:02 | Crear | Cavalry Archer |
| 24:05 | Crear | Villager (Male) |
| 24:06 | Construir | Farm |
| 24:09 | Construir | Lumber Camp |
| 24:26 | Crear | Cavalry Archer |
| 24:27 | Crear | Villager (Male) |
| 24:28 | Construir | Farm |
| 24:43 | Crear | Villager (Male) |
| 24:44 | Crear | Cavalry Archer |
| 24:44 | Crear | Cavalry Archer |
Build order — Malelf
Primeras 150 de 180 acciones detectadas
| 0:00 | Crear | Villager (Male) |
| 0:01 | Crear | Villager (Male) |
| 0:01 | Crear | Villager (Male) |
| 0:02 | Construir | House |
| 0:04 | Construir | House |
| 0:23 | Crear | Villager (Male) |
| 1:14 | Crear | Villager (Male) |
| 1:46 | Crear | Villager (Male) |
| 1:51 | Construir | House |
| 1:55 | Construir | House |
| 1:58 | Construir | Lumber Camp |
| 2:01 | Crear | Villager (Male) |
| 2:26 | Crear | Villager (Male) |
| 2:33 | Crear | Villager (Male) |
| 3:08 | Crear | Villager (Male) |
| 3:28 | Crear | Villager (Male) |
| 3:28 | Crear | Villager (Male) |
| 4:02 | Crear | Villager (Male) |
| 4:32 | Crear | Villager (Male) |
| 4:51 | Crear | Villager (Male) |
| 4:55 | Crear | Villager (Male) |
| 5:23 | Crear | Villager (Male) |
| 5:23 | Crear | Villager (Male) |
| 5:30 | Construir | Barracks |
| 5:46 | Crear | Villager (Male) |
| 5:47 | Crear | Villager (Male) |
| 5:55 | Construir | House |
| 6:32 | Crear | Militia |
| 6:33 | Crear | Militia |
| 6:46 | Construir | Mill |
| 7:01 | Construir | House |
| 7:05 | Crear | Militia |
| 7:37 | Investigar | Loom |
| 7:54 | Investigar | Feudal Age |
| 7:58 | Construir | Mill |
| 8:23 | Crear | Villager (Male) |
| 8:44 | Construir | Mining Camp |
| 8:51 | Crear | Villager (Male) |
| 9:05 | Crear | Villager (Male) |
| 9:12 | Construir | House |
| 9:22 | Crear | Villager (Male) |
| 9:45 | Construir | Palisade Wall |
| 9:48 | Construir | Palisade Wall |
| 10:06 | Crear | Villager (Male) |
| 10:09 | Crear | Villager (Male) |
| 10:25 | Crear | Villager (Male) |
| 10:31 | Edad | Edad Feudal |
| 10:40 | Investigar | Double-Bit Axe |
| 10:59 | Crear | Villager (Male) |
| 11:12 | Construir | House |
| 11:13 | Construir | House |
| 11:15 | Construir | Palisade Wall |
| 11:17 | Construir | Palisade Wall |
| 11:23 | Crear | Villager (Male) |
| 11:26 | Crear | Spearman |
| 11:28 | Construir | Stable |
| 11:29 | Crear | Villager (Male) |
| 11:42 | Construir | Palisade Wall |
| 11:43 | Construir | Palisade Wall |
| 11:45 | Construir | Palisade Wall |
| 11:55 | Crear | Villager (Male) |
| 12:03 | Construir | Farm |
| 12:04 | Investigar | Horse Collar |
| 12:05 | Investigar | Horse Collar |
| 12:26 | Crear | Villager (Male) |
| 12:30 | Construir | Blacksmith |
| 12:33 | Construir | Farm |
| 12:41 | Crear | Villager (Male) |
| 12:50 | Crear | Spearman |
| 12:52 | Construir | Palisade Wall |
| 12:53 | Construir | Palisade Wall |
| 12:55 | Construir | House |
| 12:57 | Construir | House |
| 12:59 | Construir | Palisade Gate |
| 13:00 | Crear | Villager (Male) |
| 13:06 | Construir | Palisade Wall |
| 13:14 | Construir | Farm |
| 13:18 | Construir | Farm |
| 13:27 | Crear | Scout Cavalry |
| 13:27 | Crear | Scout Cavalry |
| 13:33 | Crear | Villager (Male) |
| 13:43 | Construir | Farm |
| 13:48 | Crear | Villager (Male) |
| 13:53 | Crear | Villager (Male) |
| 13:58 | Construir | Farm |
| 14:02 | Construir | House |
| 14:12 | Construir | Palisade Wall |
| 14:15 | Construir | Palisade Wall |
| 14:16 | Crear | Villager (Male) |
| 14:21 | Construir | Farm |
| 14:32 | Crear | Scout Cavalry |
| 14:33 | Crear | Spearman |
| 14:38 | Construir | House |
| 14:38 | Crear | Villager (Male) |
| 14:50 | Construir | House |
| 14:55 | Construir | Farm |
| 14:55 | Crear | Villager (Male) |
| 14:57 | Construir | Palisade Wall |
| 14:59 | Construir | Palisade Wall |
| 15:00 | Construir | Palisade Wall |
| 15:14 | Crear | Scout Cavalry |
| 15:19 | Construir | Farm |
| 15:25 | Crear | Villager (Male) |
| 15:37 | Construir | Blacksmith |
| 15:53 | Crear | Villager (Male) |
| 15:56 | Construir | House |
| 16:04 | Construir | House |
| 16:30 | Crear | Villager (Male) |
| 16:36 | Construir | Farm |
| 16:40 | Crear | Villager (Male) |
| 16:46 | Construir | Farm |
| 16:46 | Crear | Villager (Male) |
| 16:51 | Construir | Lumber Camp |
| 16:55 | Construir | Market |
| 16:56 | Crear | Villager (Male) |
| 16:58 | Construir | Farm |
| 17:05 | Crear | Villager (Male) |
| 17:13 | Construir | Farm |
| 17:27 | Construir | Farm |
| 17:28 | Crear | Villager (Male) |
| 17:45 | Construir | Farm |
| 17:45 | Crear | Villager (Male) |
| 17:50 | Construir | House |
| 17:53 | Crear | Villager (Male) |
| 18:12 | Construir | Farm |
| 18:13 | Crear | Villager (Male) |
| 18:20 | Crear | Villager (Male) |
| 18:22 | Crear | Villager (Male) |
| 18:39 | Construir | Farm |
| 18:48 | Construir | Farm |
| 19:12 | Construir | House |
| 19:19 | Construir | Archery Range |
| 19:25 | Investigar | Castle Age |
| 19:45 | Construir | House |
| 19:57 | Investigar | Gold Mining |
| 20:07 | Construir | Palisade Wall |
| 20:18 | Construir | Palisade Wall |
| 20:20 | Construir | Archery Range |
| 20:23 | Construir | Palisade Wall |
| 20:28 | Construir | Palisade Wall |
| 20:47 | Construir | Lumber Camp |
| 20:52 | Construir | Palisade Wall |
| 20:54 | Construir | Palisade Wall |
| 20:56 | Construir | Palisade Wall |
| 21:28 | Construir | House |
| 21:49 | Construir | Palisade Wall |
| 22:05 | Edad | Edad de los Castillos |
| 22:08 | Crear | Cavalry Archer |
| 22:08 | Crear | Cavalry Archer |
| 22:09 | Crear | Cavalry Archer |
Cronología de la partida
| 5:30 | Malelf · first_building Barracks |
| 7:41 | _DaViCy_ · first_building Barracks |
| 8:03 | _DaViCy_ · wall_segment Palisade Wall x1 |
| 8:04 | _DaViCy_ · wall_segment Palisade Wall x1 |
| 8:07 | _DaViCy_ · wall_segment Palisade Wall x1 |
| 8:08 | _DaViCy_ · wall_segment Palisade Wall x1 |
| 8:15 | _DaViCy_ · wall_segment Palisade Wall x4 |
| 8:31 | _DaViCy_ · wall_segment Palisade Wall x1 |
| 8:39 | _DaViCy_ · age_up feudal |
| 8:46 | _DaViCy_ · first_building Stable |
| 9:45 | Malelf · wall_segment Palisade Wall x1 |
| 9:48 | Malelf · wall_segment Palisade Wall x15 |
| 10:31 | Malelf · age_up feudal |
| 11:15 | Malelf · wall_segment Palisade Wall x1 |
| 11:17 | Malelf · wall_segment Palisade Wall x1 |
| 11:28 | Malelf · first_building Stable |
| 11:42 | Malelf · wall_segment Palisade Wall x1 |
| 11:43 | Malelf · wall_segment Palisade Wall x1 |
| 11:45 | Malelf · wall_segment Palisade Wall x1 |
| 12:52 | Malelf · wall_segment Palisade Wall x1 |
| 12:53 | Malelf · wall_segment Palisade Wall x1 |
| 13:06 | Malelf · wall_segment Palisade Wall x1 |
| 13:44 | _DaViCy_ · wall_segment Palisade Wall x6 |
| 14:12 | Malelf · wall_segment Palisade Wall x1 |
| 14:15 | Malelf · wall_segment Palisade Wall x1 |
| 14:57 | Malelf · wall_segment Palisade Wall x1 |
| 14:59 | Malelf · wall_segment Palisade Wall x1 |
| 15:00 | Malelf · wall_segment Palisade Wall x1 |
| 17:23 | _DaViCy_ · first_building Archery Range |
| 17:41 | _DaViCy_ · wall_segment Palisade Wall x1 |
| 17:42 | _DaViCy_ · wall_segment Palisade Wall x1 |
| 18:56 | Malelf · first_market_buy 100 food |
| 18:58 | Malelf · first_market_sell 100 wood |
| 19:19 | Malelf · first_building Archery Range |
| 20:05 | _DaViCy_ · wall_segment Palisade Wall x1 |
| 20:07 | Malelf · wall_segment Palisade Wall x6 |
| 20:18 | Malelf · wall_segment Palisade Wall x7 |
| 20:23 | Malelf · wall_segment Palisade Wall x1 |
| 20:28 | Malelf · wall_segment Palisade Wall x2 |
| 20:38 | _DaViCy_ · age_up castle |
| 20:52 | Malelf · wall_segment Palisade Wall x1 |
| 20:54 | Malelf · wall_segment Palisade Wall x1 |
| 20:56 | Malelf · wall_segment Palisade Wall x2 |
| 21:49 | Malelf · wall_segment Palisade Wall x4 |
| 22:05 | Malelf · age_up castle |
| 25:18 | Malelf · resign |
[ ANÁLISIS IA · 1 CRÉDITO ]
¿Qué pasó realmente en esta partida?
Wolo.gg analiza cada decisión: build order, eco, micro, errores típicos por bracket. Análisis personalizado por WhatsApp o Discord en 30 segundos.
Guía civ
Magiares
Perfil
Jugador #425762